 Dungeon Crawl Stone Soup version 0.21-a0-2-ge494091 (webtiles) character file.

18007 Rrauwl the Cleaver (level 12, -9/117 HPs)
             Began as a Minotaur Hunter on May 20, 2017.
             Was a High Priest of Okawaru.
             Mangled by a minotaur
             ... wielding the cursed +13 scythe of Curses {drain, *Curse}
              (23 damage)
             ... in a labyrinth.
             The game lasted 00:57:27 (13884 turns).

Rrauwl the Cleaver (Minotaur Hunter)               Turns: 13884, Time: 00:57:28

Health: -9/117     AC: 21    Str: 18    XL:     12   Next: 23%
Magic:  12/13      EV: 13    Int: 10    God:    Okawaru [*****.]
Gold:   709        SH: 14    Dex: 13    Spells: 8/11 levels left

rFire    . . .     SeeInvis .   b - +6 hand crossbow
rCold    . . .     Gourm    .   v - +1 shield
rNeg     + . .     Faith    .   x - +0 plate armour
rPois    .         Spirit   .   (helmet restricted)
rElec    .         Reflect  .   m - +0 cloak
rCorr    .         Harm     .   h - +2 pair of gloves
MR       .....                  F - +0 pair of boots
Stlth    ..........             (no amulet)
Regen    0.3/turn               p - ring of positive energy
MPRegen  0.2/turn               C - +4 ring of evasion

@: heroism, drained
A: retaliatory headbutt, horns 2, clever 1, sense surroundings 1, robust 1, weak
1, wild magic 1, evolution 1, MP-powered wands
a: Heroism, Finesse, Renounce Religion


You were in a labyrinth.
You worshipped Okawaru.
Okawaru was extremely pleased with you.
You were not hungry.

You visited 3 branches of the dungeon, and saw 13 of its levels.
You also visited: Labyrinth and Sewer.

You collected 813 gold pieces.
You spent 104 gold pieces at shops.

Inventory:

Hand Weapons
 a - a +1 broad axe of chopping
 b - a +6 hand crossbow (weapon)
 c - a +3 mace
Missiles
 d - 41 bolts (quivered)
Armour
 h - a +2 pair of gloves (worn)
 m - a +0 cloak (worn)
 v - a +1 shield (worn)
 x - a +0 plate armour (worn)
 F - a +0 pair of boots (worn)
Jewellery
 g - an uncursed ring of flight
 p - a ring of positive energy (left hand)
 C - a +4 ring of evasion (right hand)
 E - a +3 ring of evasion
Wands
 l - a wand of acid (9/15)
 r - a wand of polymorph (17/24)
 B - a wand of clouds (5/9)
 I - a wand of disintegration (19/24)
 J - a wand of paralysis (15/24)
Scrolls
 e - 2 scrolls of magic mapping
 j - 8 scrolls of identify
 k - a scroll of enchant armour
 n - 6 scrolls of teleportation
 q - 5 scrolls of remove curse
 s - 4 scrolls of amnesia
 y - a scroll of fear
Potions
 i - a potion of invisibility
 t - 3 potions of cancellation
 u - a potion of heal wounds
 w - 8 potions of curing
 A - 3 potions of agility
Books
 o - a book of Beasts

   Spells                             Type                      Level
   a - Summon Butterflies             Summoning                    1
   b - Call Canine Familiar           Summoning                    3
   c - Summon Ice Beast               Ice/Summoning                4
   d - Summon Mana Viper              Hexes/Summoning              5
   e - Summon Hydra                   Summoning                    7
Miscellaneous
 K - a lightning rod (2/4)
Comestibles
 f - 7 bread rations


   Skills:
 + Level 10.5(14.5) Fighting
 + Level 13.4(17.3) Axes
 - Level 11.0(14.9) Crossbows
 - Level 7.0(11.0) Armour
 - Level 4.0(8.0) Dodging
 - Level 1.0(5.1) Stealth
 - Level 9.3(13.2) Shields
 - Level 3.2(2.4) Invocations


You had 8 spell levels left.
You knew the following spells:

 Your Spells              Type           Power        Failure   Level  Hunger
a - Blink                 Tloc           N/A          100%        2    ###....
b - Summon Butterflies    Summ           #.......     100%        1    ##.....


Dungeon Overview and Level Annotations

Branches:
Dungeon (10/15)            Temple (1/1) D:6            Lair (2/6) D:10
  Swamp (0/4) Lair:2          Orc (0/2) D:10
  Snake: Lair:2-4    Spider: Lair:2-4

Altars:
Ashenzari
Cheibriados
Dithmenos
Elyvilon
Fedhas
Gozag
Hepliaklqana
Kikubaaqudgha
Makhleb
Nemelex Xobeh
Okawaru
Qazlal
Ru
Sif Muna
Trog
Uskayaw
Vehumet
Wu Jian
Xom
Yredelemnul
Zin
The Shining One

Shops:
D:5 !   D:8 (


Innate Abilities, Weirdness & Mutations

You reflexively headbutt those who attack you in melee.
You have a pair of horns on your head.
Your mind is acute. (Int +2)
You passively map a small area around you.
You are robust. (+10% HP)
You are weak. (Str -2)
Your spells are a little harder to cast, but a little more powerful.
You evolve.
You expend magic power (3 MP) to strengthen your wands.


Message History

Firing (i - inventory):
d - 43 bolts (quivered)
Press: ? - help, Shift-Dir - straight line, f/p - minotaur
Aim: a minotaur, wielding the +13 scythe of Curses {drain, *Curse}, wearing an ominously black robe and wearing an amulet of rage (severely wounded, berserk, fast, unusually strong)
You shoot a bolt. The bolt hits the minotaur!
The minotaur is almost dead.
You block the minotaur's attack.
The minotaur gores you but does no damage.
Firing (i - inventory):
d - 42 bolts (quivered)
Press: ? - help, Shift-Dir - straight line, f/p - minotaur
Aim: a minotaur, wielding the +13 scythe of Curses {drain, *Curse}, wearing an ominously black robe and wearing an amulet of rage (almost dead, berserk, fast, unusually strong)
You shoot a bolt. The bolt hits the minotaur.
The minotaur is almost dead.
The minotaur hits you with the cursed +13 scythe of Curses {drain, *Curse}!!!
* * * LOW HITPOINT WARNING * * *
You partially resist.
You feel drained.
* * * LOW HITPOINT WARNING * * *
The world around you seems to dim momentarily.
The minotaur gores you but does no damage.
You block the minotaur's attack. The minotaur gores you!!
You die...

# # # .## ## . . .
##########.# #...#..
.... . .... # .. .
.... #. ##
#.#############.#...#
#...... #..@H.#..## #
#. . .## #.#.###(#..
. ## #.....#.# (#. .
# . ##.# (#...#. . #
. .. ....# (# .# .#.#
. #.####### <#. . .
..#.# .#. . # .#. ##
.# . . # # ... #.
.###


You could see a minotaur (berserk).

Vanquished Creatures
  Snorg (D:10)
  3 two-headed ogres
  The ghost of newuser the Cleaver, a novice DDFi of Makhleb (D:10)
  Nergalle (D:10)
  Sonja (D:10)
  The ghost of newuser the Chopper, a novice DDFi (D:4)
  A black mamba (Lair:1)
  6 spiny frogs
  A komodo dragon (Lair:1)
  3 polar bears (D:10)
  Grinder (D:4)
  A hornet (D:8)
  Prince Ribbit (D:5)
  A hippogriff (D:8)
  A centaur simulacrum (D:10)
  6 spriggans (Lair:1)
  12 yaks
  4 hungry ghosts (Lab)
  Menkaure (D:7)
  2 hell hounds (D:10)
  A porcupine (Lair:1)
  5 water moccasins
  2 black bears (D:6)
  An ice beast (D:9)
  3 sky beasts
  An orc warrior (D:7)
  An eye of draining (D:5)
  4 ogres
  2 phantoms
  6 wolves (Lair:1)
  5 centaurs
  7 big kobolds
  3 crocodiles
  10 bullfrogs
  5 scorpions
  6 killer bees (D:10)
  A howler monkey (D:10)
  6 electric eels (D:5)
  2 crimson imps
  A bullfrog zombie (D:6)
  3 hounds
  A jelly (D:9)
  2 orc priests
  A water moccasin simulacrum (D:10)
  Crazy Yiuf (D:5)
  3 centaur skeletons
  3 iguanas
  2 orc wizards
  5 worker ants
  A killer bee zombie (D:6)
  A mummy (D:5)
  8 gnolls (D:8)
  15 adders
  2 river rats (Sewer)
  4 white imps (D:10)
  An ufetubus (D:10)
  An ooze (D:1)
  2 adder skeletons
  An adder zombie (D:6)
  3 worms
  5 leopard geckos
  17 orcs
  8 giant cockroaches
  12 goblins
  3 hobgoblins
  6 jackals
  4 quokkas
  3 ball pythons (Sewer)
  7 bats
  5 frilled lizards
  3 jackal skeletons
  23 kobolds
  A quokka zombie (D:5)
  26 rats
  A butterfly (D:6)
305 creatures vanquished.

Vanquished Creatures (others)
  A fungus (Lair:1)
  2 plants (D:5)
3 creatures vanquished.

Grand Total: 308 creatures vanquished

Notes
Turn   | Place    | Note
-------+----------+-------------------------------------------
     0 | D:1      | Rrauwl the Minotaur Hunter began the quest for the Orb.
     0 | D:1      | Reached XP level 1. HP: 18/18 MP: 0/0
    58 | D:1      | Reached XP level 2. HP: 25/25 MP: 1/1
   108 | D:1      | Reached skill level 1 in Stealth
   248 | D:1      | Reached skill level 5 in Crossbows
   468 | D:2      | Reached XP level 3. HP: 31/31 MP: 2/2
   679 | D:2      | Found an ancient bone altar of Kikubaaqudgha.
   679 | D:2      | Found a glowing silver altar of Zin.
   683 | D:2      | Noticed an angel
   769 | D:2      | Reached skill level 1 in Axes
  1157 | D:3      | Reached XP level 4. HP: 38/38 MP: 3/3
  1274 | D:3      | Reached skill level 2 in Axes
  1882 | D:3      | Found an ornate altar of the Wu Jian Council.
  2080 | D:4      | Reached skill level 1 in Armour
  2080 | D:4      | Reached XP level 5. HP: 45/45 MP: 4/4
  2175 | D:4      | Noticed an ogre
  2179 | D:4      | Killed an ogre
  2179 | D:4      | Reached skill level 3 in Axes
  2214 | D:4      | Noticed Grinder
  2220 | D:4      | Paralysed by Grinder for 5 turns
  2231 | D:4      | Killed Grinder
  2231 | D:4      | Reached skill level 4 in Axes
  2231 | D:4      | Reached XP level 6. HP: 45/51 MP: 5/5
  2573 | D:4      | Found a radiant altar of Vehumet.
  2683 | D:4      | Noticed newuser's ghost (novice DDFi)
  2759 | D:4      | Killed newuser's ghost
  2759 | D:4      | Reached skill level 5 in Axes
  2759 | D:4      | Reached XP level 7. HP: 19/57 MP: 6/6
  3321 | D:5      | Entered Level 5 of the Dungeon
  3321 | D:5      | Found a glowing drain.
  3339 | D:5      | Reached skill level 5 in Armour
  3381 | Sewer    | Entered a sewer
  3437 | Sewer    | Reached skill level 6 in Axes
  3437 | Sewer    | Reached XP level 8. HP: 54/63 MP: 7/7
  4245 | D:5      | Reached skill level 7 in Axes
  4250 | D:5      | Noticed Prince Ribbit
  4263 | D:5      | Killed Prince Ribbit
  4263 | D:5      | Reached skill level 1 in Shields
  4437 | D:5      | Found Egoteb's Distillery.
  4442 | D:5      | Bought a potion of lignification for 39 gold pieces
  4442 | D:5      | Bought a potion of heal wounds for 65 gold pieces
  4596 | D:5      | Found a runed door.
  4604 | D:5      | Noticed Crazy Yiuf
  4611 | D:5      | Killed Crazy Yiuf
  4959 | D:5      | Noticed a two-headed ogre
  4973 | D:5      | Killed a two-headed ogre
  4973 | D:5      | Reached skill level 8 in Axes
  4973 | D:5      | Reached XP level 9. HP: 41/69 MP: 8/8
  6118 | D:5      | Reached skill level 5 in Shields
  6364 | D:5      | Gained mutation: Your body sometimes deteriorates upon taking damage. [mutagenic meat]
  6365 | D:5      | Gained mutation: Your mind is acute. (Int +2) [mutagenic meat]
  6366 | D:5      | Gained mutation: You expend magic power (3 MP) to strengthen your wands. [mutagenic meat]
  6367 | D:5      | Gained mutation: Your spells are a little harder to cast, but a little more powerful. [mutagenic meat]
  6455 | D:6      | Found a staircase to the Ecumenical Temple.
  6477 | Temple   | Entered the Ecumenical Temple
  6500 | Temple   | Became a worshipper of Warmaster Okawaru
  6742 | D:6      | Found a shimmering altar of Xom.
  6793 | D:6      | Reached skill level 9 in Axes
  6800 | D:6      | Found a bloodstained altar of Trog.
  6836 | D:6      | Noticed a two-headed ogre
  6847 | D:6      | Killed a two-headed ogre
  6847 | D:6      | Reached skill level 10 in Crossbows
  6858 | D:6      | Reached XP level 10. HP: 71/77 MP: 9/9
  6912 | D:6      | Reached * piety under Okawaru
  7245 | D:6      | Found a white marble altar of Elyvilon.
  7377 | D:7      | Noticed Menkaure
  7381 | D:7      | Killed Menkaure
  7468 | D:7      | Reached skill level 10 in Axes
  7985 | D:7      | Gained mutation: You are weak. (Str -2) [mutagenic meat]
  7988 | D:7      | Gained mutation: You passively map a small area around you. [mutagenic meat]
  7989 | D:7      | Lost mutation: Your body sometimes deteriorates upon taking damage. [mutagenic meat]
  8302 | D:8      | Found Zouz's Weapon Shoppe.
  8413 | D:8      | Reached skill level 5 in Fighting
  8417 | D:8      | Gained mutation: You are robust. (+10% HP) [mutagenic meat]
  8420 | D:8      | Gained mutation: You evolve. [mutagenic meat]
  8517 | D:8      | Reached ** piety under Okawaru
  8545 | D:8      | Found a hazy altar of Hepliaklqana.
  8545 | D:8      | Noticed a two-headed ogre
  8553 | D:8      | Killed a two-headed ogre
  8628 | D:8      | Found a shadowy altar of Dithmenos.
  8720 | D:8      | Reached *** piety under Okawaru
  8776 | D:8      | Reached skill level 1 in Invocations
  8981 | D:8      | Reached skill level 11 in Axes
  9097 | D:9      | Found an opulent altar of Gozag.
  9137 | D:9      | Found a shimmering altar of Xom.
  9777 | D:10     | Entered Level 10 of the Dungeon
  9823 | D:10     | Noticed Nergalle
  9840 | D:10     | Noticed a spectral orc warlord
  9850 | D:10     | Killed Nergalle
  9850 | D:10     | Reached XP level 11. HP: 44/101 MP: 9/11
  9916 | D:10     | Noticed newuser's ghost (novice DDFi)
 10136 | D:10     | Killed newuser's ghost
 10136 | D:10     | Reached **** piety under Okawaru
 10387 | D:10     | Found a staircase to the Orcish Mines.
 10443 | D:10     | Noticed Sonja
 10483 | D:10     | Killed Sonja
 10512 | D:10     | Noticed Snorg
 10538 | D:10     | Killed Snorg
 10656 | D:10     | Reached skill level 12 in Axes
 10699 | D:10     | Found a staircase to the Lair.
 10891 | D:10     | Learned a level 2 spell: Blink
 11160 | Lair:1   | Entered Level 1 of the Lair of Beasts
 11170 | Lair:1   | Upgraded the game from 0.21-a0 to 0.21-a0-2-ge494091
 11266 | Lair:1   | Reached ***** piety under Okawaru
 11270 | Lair:1   | Received a gift from Okawaru
 11362 | Lair:1   | Learned a level 1 spell: Summon Butterflies
 11694 | Lair:1   | HP: 5/106 [spriggan/rapier (6)]
 12229 | Lair:1   | Received a gift from Okawaru
 12231 | Lair:1   | Reached XP level 12. HP: 102/116 MP: 13/13
 12305 | Lair:1   | Reached skill level 13 in Axes
 12576 | Lair:1   | Reached skill level 10 in Fighting
 13056 | Lair:2   | Found a labyrinth entrance.
 13082 | Lab      | Entered a labyrinth
 13870 | Lab      | Noticed a minotaur
 13884 | Lab      | Mangled by a minotaur

Vault maps used:
D:1:      roderic_dead_forest, minmay_misc_feat_columns, serial_park_tiny_2
D:2:      overflow_temple_1_default, zin_angel
D:3:      lemuel_round_altar, first_bread
D:4:      overflow_temple_1_default, uniq_grinder
D:5:      cheibrodos_two_vegetables, gup_sewer_entry_glass,
          gup_ossuary_entry_pyramid, serial_shops, shop,
          uniq_crazy_yiuf_cottage, uniq_prince_ribbit1
D:6:      marbit_many_paths, lemuel_round_altar, trog_ov_bears_minmay,
          minmay_temple_entry_butterflies
D:7:      uniq_menkaure
D:8:      basic_altar, serial_shops, nicolae_shop_behind_doors, grunt_ogre_cave,
          grunt_dithmenos_smoke_and_mirrors
D:9:      nicolae_gozag_seed_capital, lemuel_tele_altar
D:10:     minmay_lair_entry_lava, orc_0_dummy, serial_ice, serial_ice_j,
          serial_ice_o, serial_ice_a, serial_ice_g, uniq_sonja, uniq_snorg,
          uniq_nergalle
Temple:   minmay_temple_curvy_branch
Lair:1:   kb_forest_paths, patterned_corridor, infiniplex_staircase_pool_2
Lair:2:   nicolae_swamp_entry_splash_gauntlet, lab_entry_generic
Lab:      labyrinth_mini_lab, nicolae_lab_checkerboard, nicolae_lab_x,
          nicolae_lab_flowing_pool, nicolae_lab_dead_end,
          labyrinth_skeletal_remains
Sewer:    sewer_minmay_treatment

Skill      XL: |  1  2  3  4  5  6  7  8  9 10 11 12 |
---------------+-------------------------------------+-----
Stealth        | 1 |  1.0
Crossbows      | 5 6 7 9 10 11 | 11.0
Fighting       | 3 7 9 10 | 10.5
Axes           | 1 2 4 5 6 8 9 11 12 13 | 13.4
Armour         | 1 3 4 5 6 7 |  7.0
Shields        | 4 6 8 9 |  9.3
Invocations    | 2 3 |  3.2
Dodging        | 3 4 |  4.0

Action                   |  1- 3 |  4- 6 |  7- 9 | 10-12 || total
-------------------------+-------+-------+-------+-------++-------
Melee: Hand axe          |       |       |   165 |     5 ||   170
       Headbutt          |       |       |    17 |   112 ||   129
       War axe           |       |       |       |   585 ||   585
       Broad axe         |       |       |       |    97 ||    97
 Fire: Hand crossbow     |    71 |   102 |   171 |    93 ||   437
Invok: Heroism           |       |       |       |     7 ||     7
Evoke: Wand              |       |       |       |     3 ||     3
       Lightning rod     |       |       |       |     2 ||     2
  Use: Potion            |       |     6 |     9 |     8 ||    23
       Scroll            |       |       |    11 |    11 ||    22
  Eat: Chunk             |     1 |     4 |    12 |    20 ||    37
       Royal jelly       |       |       |     2 |     2 ||     4
       Bread ration      |       |       |     1 |     2 ||     3
       Fruit             |       |       |       |     3 ||     3
Armor: Leather armour    |     4 |       |       |       ||     4
       Scale mail        |       |    11 |    84 |       ||    95
       Skin              |       |       |     1 |    20 ||    21
       Plate armour      |       |       |     4 |   228 ||   232
Dodge: Dodged            |     4 |    12 |    60 |   228 ||   304
Block: Shield            |       |     7 |    65 |   426 ||   498
